 Dungeon Crawl Stone Soup version 0.27.1-33-g824d729ab1 (webtiles) character file.

Game seed: 6338399909841413941

122 SensoryNuts the Covered (level 4, -4/57 HPs)
             Began as a Demigod Fighter on Dec 10, 2021.
             Slain by Sigmund (7 damage)
             ... on level 3 of the Dungeon.
             The game lasted 00:04:57 (2843 turns).

SensoryNuts the Covered (Demigod Fighter)           Turns: 2843, Time: 00:04:58

Health: -4/57      AC: 22    Str: 21    XL:     4   Next: 50%
Magic:  6/6        EV:  2    Int: 12    God:
Gold:   117        SH:  9    Dex: 13    Spells: 3/3 levels left

rFire    . . .     SeeInvis .   a - +1 long sword
rCold    . . .     Faith    .   c - +0 kite shield
rNeg     + + +     Spirit   .   (armour currently unavailable)
rPois    +         Reflect  .   (helmet currently unavailable)
rElec    .         Harm     .   (cloak currently unavailable)
rCorr    .         Rampage  .   (gloves currently unavailable)
Will     .....     Rnd*Rage +   (boots currently unavailable) Stlth +.........NoTele +
                                (no amulet)
HPRegen  0.19/turn              (no ring)
MPRegen  0.10/turn              (no ring)

@: tree-form (expiring), hasted, very quick
A: stationary, stasis, torment immunity, boosted hp, high mp 1, forlorn,
(iridescent scales 1), berserk 1, clever 1
a: no special abilities


You were on level 3 of the Dungeon.
You were a tree.
You visited 1 branch of the dungeon, and saw 3 of its levels.

You collected 117 gold pieces.

Inventory:

Hand Weapons
 a - a +1 long sword (weapon)
 d - the +8 triple sword "Amnuedin" {flame, rN+ Dex+4 Stlth-}
   (You acquired it on level 3 of the Dungeon)

   It burns those it strikes, dealing additional fire damage.
   Big, fiery blades are also staple armaments of hydra-hunters.
   Dex:       It affects your dexterity (+4).
   rN:        It protects you from negative energy.
   Stlth:     It makes you less stealthy.
Armour
 b - a +0 scale mail (melded)
 c - a +0 kite shield (worn)
Magical Staves
 i - a staff of poison
Jewellery
 l - an amulet of magic regeneration
Scrolls
 e - 3 scrolls of identify {unknown}
Potions
 k - a potion of lignification


   Skills:
 + Level 3.0 Fighting
 + Level 2.9 Long Blades
 + Level 3.5 Armour
 + Level 0.5 Dodging
 + Level 3.3 Shields


You had 3 spell levels left.
You didn't know any spells.
Your spell library was empty.

Dungeon Overview and Level Annotations

Branches:
Dungeon (3/15)

Shops:
D:3 :

Annotations:
D:3 Sigmund


Innate Abilities, Weirdness & Mutations

You are a tree.
Your roots penetrate the ground, keeping you stationary.
You cannot be teleported.
You are immune to unholy pain and torment.
Your maximum health is greatly increased.
Your equipment is partially melded.
Your attributes grow dramatically as you level up.
You have an increased reservoir of magic. (+10% MP)
You shall have no god before yourself.
((You are partially covered in iridescent scales. (AC +2)))
You tend to lose your temper in combat.
Your mind is acute. (Int +2)


Message History

You hear some strange, mumbled words.
You are confused.
You barely miss something. Something hits you.
* * * LOW HITPOINT WARNING * * *
Unknown command.
You miss something. Something hits you but does no damage.
You attack the rock wall.
You barely miss something. Something hits you but does no damage.
You swing at nothing.
You feel less confused. You block something's attack.
As you read the scroll labelled MOJI MUEPATIA, it crumbles to dust.
You feel aware of your surroundings.
It was a scroll of magic mapping.
As you read the scroll labelled FELLIUTELO, it crumbles to dust.
It is a scroll of enchant weapon.
Your +0 long sword glows red for a moment.
Something hits you but does no damage.
As you read the scroll labelled GIJYNG SIOWN, it crumbles to dust.
You hear a loud clanging noise!
It was a scroll of noise.
Unknown command.
This is a scroll of acquirement!
Something appears at your feet!
You hear some strange, mumbled words.
Something tries to affect you, but you resist.
As you read the scroll labelled TOGY FUYDAN, it crumbles to dust.
You feel a strange sense of stasis.
It was a scroll of teleportation.
Unknown command.
You cannot move.
You cannot move.
d - the +8 triple sword "Amnuedin" {flame, rN+ Dex+4 Stlth-} Something hits you but does no damage.
You hit something.
You hear some strange, mumbled words.
A magic dart appears from out of thin air!
The magic dart hits you but does no damage.
You closely miss something.
Your transformation is almost over.
Something hits you!
You die...

,,,,,,** ##.#.#####
,,,,,,,***#........#
,,,,,,,+.......###†#
,,,,,,,####....# #.#
,,,,,,** #..#.#*#.#
,,,,,** #.##..*#.#
*,,,** #.*##.*#.#
**+** #.###.##.#
**,* #.....♣..# ,,,*
#####{####
**,******** #.*
,,,,,,,,,,* #.*
,,,,,****,* #.*
,,,,** *,* #.* ,,,**
*,****#.* **,*
*,,,,,.?* *,*
*********


There were no monsters in sight!

Vanquished Creatures
  5 adders
  A worm (D:3)
  5 orcs (D:3)
  5 bats
  7 endoplasms
  5 giant cockroaches
  7 goblins
  6 hobgoblins
  A jackal (D:2)
  3 quokkas
  5 ball pythons
  5 frilled lizards
  3 kobolds
  8 rats
66 creatures vanquished.

Notes
Turn   | Place    | Note
-------+----------+-------------------------------------------
     0 | D:1      | SensoryNuts the Demigod Fighter began the quest for the
                  | Orb.
     0 | D:1      | Reached XP level 1. HP: 18/18 MP: 3/3
   260 | D:1      | Reached XP level 2. HP: 16/25 MP: 4/4
  1001 | D:2      | Reached XP level 3. HP: 9/30 MP: 5/5
  1849 | D:2      | Reached XP level 4. HP: 35/38 MP: 6/6
  2547 | D:3      | Found Zasmoust's Book Boutique.
  2810 | D:3      | Noticed Sigmund
  2822 | D:3      | Gained mutation: You are partially covered in iridescent
                  | scales. (AC +2) [potion of mutation]
  2822 | D:3      | Gained mutation: Your mind is acute. (Int +2) [potion of
                  | mutation]
  2822 | D:3      | Gained mutation: You tend to lose your temper in combat.
                  | [potion of mutation]
  2831 | D:3      | HP: 1/57 [something (3)]
  2839 | D:3      | Identified a scroll of acquirement
  2839 | D:3      | Acquired the +8 triple sword "Amnuedin" {flame, rN+ Dex+4
                  | Stlth-}
  2843 | D:3      | Slain by Sigmund

Illustrated notes

Levels and vault maps discovered:
D:1:      minmay_arrival_plants_in_alcoves, layout_rooms
D:2:      layout_loops_ring, basic_altar, minmay_quantized
D:3:      minmay_inner_zag, layout_loops_corners, nicolae_uskayaw_dance_hall,
          serial_shops, shop, small_statue_intersection, uniq_sigmund

Skill      XL: |  1  2  3 |
---------------+----------+-----
Armour         | 3 |  3.5
Long Blades    | 2 |  2.9
Shields        | 3 |  3.3
Fighting       | 3 |  3.0
Dodging        | |  0.5

Action                   |  1- 3 |  4- 6 || total
-------------------------+-------+-------++-------
Melee: Long sword        |   137 |    85 ||   222
  Use: Potion            |     1 |     4 ||     5
       Scroll            |       |     5 ||     5
Armor: Scale mail        |    75 |    26 ||   101
       Skin              |       |     7 ||     7
Dodge: Dodged            |    68 |    24 ||    92
Block: Kite shield       |    91 |    47 ||   138
       Rpst.: Long sword |    22 |     7 ||    29
